 Dungeon Crawl Stone Soup version 0.17-a0-1442-g10bb59b (console) character file.

178 Fusha the Chopper (level 5, 0/41 HPs)
             Began as a Draconian Wanderer on June 27, 2015.
             Succumbed to poison (a potion of poison)
             ... on level 3 of the Dungeon.
             The game lasted 00:13:57 (3175 turns).

Fusha the Chopper (Draconian Wanderer)              Turns: 3175, Time: 00:13:57

Health: 0/41       AC:  5    Str: 13    XL:     5   Next: 32%
Magic:  2/8        EV: 11    Int: 17    God:    Xom [..*...]
Gold:   40         SH:  0    Dex:  8    Spells: 1 memorised, 7 levels left

rFire  . . .     SeeInvis .     f - +1 dagger (freeze)
rCold  . . .     Clarity  .     (armour unavailable)
rNeg   . . .     SustAt   .     (no shield)
rPois  .         Gourm    .     (helmet restricted)
rElec  .         Spirit   .     (no cloak)
rCorr  .         Warding  .     (no gloves)
rMut   .         Stasis   .     (no boots)
MR     .....                    (no amulet)
Stlth  +.........               (no ring)
                                g - ring of invisibility

@: lethally poisoned (0 -> -13), slowed, very slow, not resistant to hostile
enchantments, very unstealthy
A: unfitting armour, cold-blooded, AC +5
a: Renounce Religion, Evoke Invisibility


You were on level 3 of the Dungeon.
You worshipped Xom.
You were a toy of Xom.
You were not hungry.

You visited 1 branch of the dungeon, and saw 3 of its levels.

You collected 40 gold pieces.

Inventory:

Hand weapons
 a - a +2 hand axe
 f - a +1 dagger of freezing (weapon)
 l - a +1 dagger of holy wrath
Missiles
 k - 13 poisoned needles
Jewellery
 g - a ring of invisibility (left hand)
Magical devices
 m - a wand of random effects (16)
Scrolls
 e - a scroll of remove curse {unknown}
 h - a scroll of enchant armour {unknown}
 i - 2 scrolls of teleportation {unknown}
 j - 2 scrolls of immolation {unknown}
 n - 2 scrolls of identify {unknown}
Potions
 q - a potion of haste {unknown}
Books
 b - Sitof's Guide on the Compass

   Spells                             Type                      Level
   a - Apportation                    Translocation                1
   b - Teleport Other                 Translocation                3
 c - Borgnjor's Papyrus of Evil Rituals

   Spells                             Type                      Level
   a - Pain                           Necromancy                   1
   b - Sublimation of Blood           Necromancy                   2
Comestibles
 d - 3 bread rations


   Skills:
 - Level 2.1 Fighting
 + Level 4.0 Axes
 - Level 1.0 Stealth
 - Level 2.0 Spellcasting
 * Level 3.6 Necromancy
 + Level 2.6 Evocations


You had 7 spell levels left.
You knew the following spells:

 Your Spells              Type           Power        Failure   Level  Hunger
a - Pain                  Necr           ##..         4%          1    #......


Dungeon Overview and Level Annotations

Branches:
Dungeon (3/15)

Altars:
Xom


Innate Abilities, Weirdness & Mutations

Your plain brown scales are hard (AC +5).
Your body does not fit into most forms of armour.
You are cold-blooded and may be slowed by cold attacks.


Message History

Press: ? - help, Shift-Dir - straight line, f/p - orc wizard
Aim: an orc wizard, wielding a dagger and wearing a robe (moderately wounded, fast, chance to defeat MR: 70%)
The orc wizard convulses in agony!
The orc wizard mumbles some strange words.
The orc wizard blinks!
Casting: Pain
Confirm with . or Enter, or press ? or * to list all spells.
Aiming: Pain
Press: ? - help, Shift-Dir - straight line, f/p - orc wizard
Aim: an orc wizard, wielding a dagger and wearing a robe (heavily wounded, fast, chance to defeat MR: 70%)
The orc wizard convulses in agony!
The orc wizard casts a spell at you. The magic dart hits you!
* * * LOW HITPOINT WARNING * * *
Drink which item? (? for menu, Esc to quit)
It was a potion of poison.
That liquid tasted very nasty...
You are lethally poisoned!
You die...
Xom snickers!

........##.# #......#
........##.# #......#
........##.#
#.....#......#
........##.#
#.....#......#
........##)#
+.....#####'##
.......†...### #......#
#.# .............#
#......# #)#
........####)# #......#
#.# ........# #@#
#......## #.# ........#
#.# #.......# #.#
....########o#######§#§#
#.# .... #.....#
#§#§###.# ... #.....#
#.#..##.#
#.....#####.##.##.##
#.....'.....##.##...
#.....##............
#.....##.#####..#...


You could see an orc wizard.

Vanquished Creatures
  Robin (D:2)
  A gnoll (D:1)
  7 adders
  4 worms
  5 giant geckos
  2 orcs (D:3)
  A ball python (D:3)
  3 giant cockroaches
  12 hobgoblins
  7 kobolds
  8 bats
  5 giant newts
  17 goblins
  6 rats
79 creatures vanquished.

Notes
Turn   | Place    | Note
--------------------------------------------------------------
     0 | D:1      | Fusha the Draconian Wanderer began the quest for the Orb.
     0 | D:1      | Fusha set off with: a +2 hand axe, Sitof's Guide on the Compass, Borgnjor's Papyrus of Evil Rituals, a bread ration
     0 | D:1      | Reached XP level 1. HP: 17/17 MP: 3/3
     0 | D:1      | Identified Sitof's Guide on the Compass
     0 | D:1      | Identified Borgnjor's Papyrus of Evil Rituals
     2 | D:1      | Learned a level 1 spell: Pain
   229 | D:1      | Reached XP level 2. HP: 24/24 MP: 5/5
   502 | D:1      | Reached XP level 3. HP: 10/29 MP: 1/6
   990 | D:2      | Found a shimmering altar of Xom.
  1000 | D:2      | Became a worshipper of Xom the Fickle
  1276 | D:2      | Reached XP level 4. HP: 22/36 MP: 2/7
  1502 | D:2      | XOM: harmless Fire miscast
  1689 | D:2      | Noticed Robin
  1690 | D:2      | XOM: divination: magic mapping
  1722 | D:2      | Killed Robin
  2005 | D:2      | XOM: harmless Trmt miscast
  2089 | D:2      | XOM: silly message
  2539 | D:3      | XOM: colour smoke trail
  2642 | D:3      | Reached XP level 5. HP: 27/41 MP: 8/8
  2655 | D:3      | Reached skill level 4 in Axes
  2899 | D:3      | XOM: silly message
  3174 | D:3      | HP: 2/41 [orc wizard/magic dart (8)]
  3175 | D:3      | Succumbed to poison (a potion of poison)

Vault maps used:
D:1:      dpeg_arrival_radiant, serial_bayou_ford_a
D:2:      xom_butterflies, first_bread, uniq_robin

Action                   |  1- 3 |  4- 6 || total
-------------------------+-------+-------++-------
Melee: Dagger            |   116 |   174 ||   290
       Hand axe          |     1 |       ||     1
 Cast: Pain              |     7 |    20 ||    27
Evoke: Wand              |       |     3 ||     3
  Use: Potion            |       |     3 ||     3
 Stab: Sleeping          |     2 |       ||     2
  Eat: Bread ration      |     1 |     1 ||     2
